 Dungeon Crawl Stone Soup version 0.31-a0-986-g5e6e4ef867 (webtiles) character file.

Game seed: 16817911856074635090

1673 jlumianski the Ruffian (level 9, -2/66 HPs)
             Began as a Gnoll Shapeshifter on Nov 11, 2023.
             Slain by a manticore (9 damage)
             ... on level 7 of the Dungeon.
             The game lasted 00:29:56 (5655 turns).

jlumianski the Ruffian (Gnoll Shapeshifter)         Turns: 5655, Time: 00:29:59

Health: -2/66      AC:  5    Str: 14    XL:     9   Next: 1%
Magic:  14/14      EV: 14    Int:  9    God:
Gold:   134        SH:  0    Dex: 15    Spells: 15/15 levels left

rFire   . . .        i - +2 short sword of Nugubeda {venom, +Blink Int-3 Dex+2 Stlth+}
rCold   + . .        (no shield)
rNeg    + . .        O - +2 leather armour {rC+}
rPois   .            (helmet currently unavailable)
rElec   .            (cloak currently unavailable)
rCorr   .            (gloves currently unavailable)
SInv    .            (boots currently unavailable)
Will    .....        h - amulet of regeneration
Stlth   +++          C - ring of flight
HPRegen 1.11/turn    I - ring of positive energy
MPRegen 0.14/turn

%: no passive effects
@: beast-form, spiked, flying
A: beast (slay +4), fangs 1, strong nose, distributed training
a: Begin Untransformation, Evoke Blink


You were on level 7 of the Dungeon.
You were a hulking beast.
You visited 1 branch of the dungeon, and saw 7 of its levels.
You also visited: Sewer.

You collected 215 gold pieces.
You spent 81 gold pieces at shops.

Inventory:

Hand Weapons
 i - the +2 short sword of Nugubeda (weapon) {venom, +Blink Int-3 Dex+2 Stlth+}
   (You found it on level 2 of the Dungeon)

   Int-3:     It affects your intelligence (-3).
   Dex+2:     It affects your dexterity (+2).
   +Blink:    It lets you blink.
   Stlth+:    It makes you more stealthy.
 n - a +2 short sword of holy wrath
 E - a +2 heavy hand axe
Missiles
 g - 57 stones
 t - 18 poisoned darts (quivered)
 x - 5 curare-tipped darts
 K - 3 boomerangs
 Q - a throwing net
Armour
 a - a +0 animal skin
 f - a +0 leather armour
 B - a +0 chain mail
 G - a +1 helmet
 O - a +2 leather armour of cold resistance (worn)
 R - a +0 pair of gloves
Jewellery
 h - an amulet of regeneration (around neck)
 C - a ring of flight (left hand)
 I - a ring of positive energy (right hand)
 P - an amulet of reflection
Talismans
 c - a beast talisman
 d - a flux talisman
Wands
 F - a wand of paralysis (30)
Scrolls
 k - 3 scrolls of teleportation
 l - a scroll of enchant armour
 o - 3 scrolls of vulnerability
 p - a scroll of acquirement {unknown}
 u - a scroll of fog
 y - a scroll of brand weapon {unknown}
 A - a scroll of poison {unknown}
 D - a scroll of butterflies {unknown}
 J - a scroll of noise
 L - a scroll of revelation {unknown}
 M - a scroll of enchant weapon {unknown}
 N - a scroll of blinking
 S - 2 scrolls of amnesia
Potions
 b - a potion of lignification
 e - 2 potions of ambrosia
 j - 3 potions of haste
 m - a potion of brilliance
 q - a potion of magic
 r - 5 potions of curing
 s - a potion of cancellation
 v - a potion of heal wounds
 w - 3 potions of enlightenment
 z - 3 potions of might
 H - 2 potions of mutation


   Skills:
 + Level 4.7 Fighting
 + Level 3.8 Short Blades
 + Level 3.8 Long Blades
 + Level 3.8 Axes
 + Level 3.8 Maces & Flails
 + Level 3.8 Polearms
 + Level 3.8 Staves
 + Level 3.8 Ranged Weapons
 + Level 3.8 Throwing
 + Level 3.8 Armour
 + Level 6.0 Dodging
 + Level 3.8 Stealth
 + Level 3.8 Shields
 + Level 7.6 Unarmed Combat
 + Level 3.8 Spellcasting
 + Level 3.1 Conjurations
 + Level 3.1 Hexes
 + Level 3.1 Summonings
 + Level 3.1 Necromancy
 + Level 3.1 Translocations
 + Level 3.1 Transmutations
 + Level 3.1 Fire Magic
 + Level 3.1 Ice Magic
 + Level 3.1 Air Magic
 + Level 3.1 Earth Magic
 + Level 3.1 Poison Magic
 + Level 4.2 Invocations
 + Level 3.8 Evocations
 + Level 7.4 Shapeshifting


You had 15 spell levels left.
You didn't know any spells.
Your spell library contained the following spells:

 Spells                   Type           Power      Damage    Failure   Level
 Cigotuvi's Dreadful Rot  Necr/Pois/Air  14%        N/A       14%         2
 Poisonous Vapours        Pois/Air       14%        N/A       14%         2
 Mephitic Cloud           Conj/Pois/Air  7%         N/A       28%         3
 Dispel Undead            Necr           7%         3d8       67%         4
 Freezing Cloud           Conj/Ice/Air   3%         6-21      95%         5
 Death Channel            Necr           3%         N/A       100%        6


Dungeon Overview and Level Annotations

Branches:
Dungeon (7/15)              Sewer (visited)
 Temple: D:4-7

Altars:
Ashenzari
Cheibriados
Dithmenos
Nemelex Xobeh
Okawaru
Uskayaw
Xom
Yredelemnul
Zin

Shops:
D:1 *   D:2 [   D:4 *   D:7 :


Innate Abilities, Weirdness & Mutations

You are a hulking beast.
Your limbs bulge with bestial killing power. (Slay +4)
You have very sharp teeth.
Your uncanny sense of smell can sniff out nearby items.
Your experience applies equally to all skills.


Message History

You hit the ice beast.
The ice beast is severely wounded.
The ice beast hits you. The ice beast freezes you! You resist.
You hit the ice beast but do no damage.
The ice beast is poisoned.
You bite the ice beast.
The ice beast is severely wounded.
The ice beast hits you but does no damage.
You hit the ice beast.
You kill the ice beast!
You have reached level 9!
Your experience leads to an increase in your attributes!
Your base attributes are Str 14, Int 10, Dex 13.
Increase (S)trength, (I)ntelligence, or (D)exterity?
You feel clever. x2
Found 17 gold pieces.
A manticore comes into view.
The manticore flicks its tail.
The volley of spikes hits you!
The barbed spikes become lodged in your body.
Okay, then.
Okay, then.
The manticore flicks its tail.
The volley of spikes hits you!!
The barbed spikes become lodged in your body.
Okay, then.
Unknown command.
Unknown command.
The manticore flicks its tail.
The volley of spikes hits you.
The barbed spikes become lodged in your body.
The manticore flicks its tail.
The volley of spikes misses you.
You barely miss the manticore. You punch the manticore. You bite the manticore.
The manticore is lightly wounded.
The manticore bites you!
* * * LOW HITPOINT WARNING * * *
The manticore claws you!
* * * LOW HITPOINT WARNING * * *
The manticore claws you!
You die...

##....≈∩...........
∆
##...##≈≈≈≈≈###.####
#.####....###.####
#.# ♣.......## #.#
#.# #.####...# #.#
.# #. ##..# #.# .#
#.###.# #.#
#....####.##
#..Hh$......
#$.######.## #...#
###. #


You could see a manticore.

Vanquished Creatures
  2 ice beasts
  4 black bears
  4 phantoms
  A kobold brigand (Sewer)
  3 scorpions (D:5)
  3 hounds
  A jelly (D:4)
  An orc priest (D:4)
  A gnoll bouda (D:5)
  An orc wizard (D:4)
  8 gnolls
  12 adders
  3 river rats
  2 ufetubi
  4 worms
  2 dart slugs
  18 orcs
  11 ball pythons
  8 endoplasms
  3 giant cockroaches
  4 hobgoblins
  8 jackals
  2 quokkas
  2 bats
  2 frilled lizards
  12 goblins
  11 kobolds
  13 rats
146 creatures vanquished.

Notes
Turn   | Place    | Note
-------+----------+-------------------------------------------
     0 | D:1      | jlumianski the Gnoll Shapeshifter began the quest for the
                  | Orb.
     0 | D:1      | Reached XP level 1. HP: 17/17 MP: 1/1
    31 | D:1      | Found Xotontepn's General Store.
   134 | D:1      | You fall into a shaft and drop 1 floor!
   185 | D:2      | Reached XP level 2. HP: 16/23 MP: 2/2
   216 | D:2      | Identified the +2 short sword of Nugubeda {venom, +Blink
                  | Int-3 Dex+2 Stlth+}
   250 | D:2      | Reached XP level 3. HP: 28/28 MP: 3/3
   399 | D:1      | Found a faded altar of an unknown god.
   450 | D:1      | Reached skill level 1 in Invocations
   917 | D:2      | Reached skill level 1 in Short Blades
   917 | D:2      | Reached skill level 1 in Long Blades
   917 | D:2      | Reached skill level 1 in Axes
   917 | D:2      | Reached skill level 1 in Maces & Flails
   917 | D:2      | Reached skill level 1 in Polearms
   917 | D:2      | Reached skill level 1 in Staves
   917 | D:2      | Reached skill level 1 in Ranged Weapons
   917 | D:2      | Reached skill level 1 in Throwing
   917 | D:2      | Reached skill level 1 in Armour
   917 | D:2      | Reached skill level 1 in Stealth
   917 | D:2      | Reached skill level 1 in Shields
   917 | D:2      | Reached skill level 1 in Spellcasting
   917 | D:2      | Reached skill level 1 in Evocations
  1033 | D:3      | Reached XP level 4. HP: 34/34 MP: 5/5
  1149 | D:3      | Reached skill level 1 in Conjurations
  1149 | D:3      | Reached skill level 1 in Hexes
  1149 | D:3      | Reached skill level 1 in Summonings
  1149 | D:3      | Reached skill level 1 in Necromancy
  1149 | D:3      | Reached skill level 1 in Translocations
  1149 | D:3      | Reached skill level 1 in Transmutations
  1149 | D:3      | Reached skill level 1 in Fire Magic
  1149 | D:3      | Reached skill level 1 in Ice Magic
  1149 | D:3      | Reached skill level 1 in Air Magic
  1149 | D:3      | Reached skill level 1 in Earth Magic
  1149 | D:3      | Reached skill level 1 in Poison Magic
  1171 | D:3      | Found a glowing drain.
  1175 | Sewer    | Entered a sewer
  1432 | Sewer    | Reached XP level 5. HP: 40/40 MP: 6/6
  1486 | Sewer    | Noticed a kobold brigand
  1519 | Sewer    | Killed a kobold brigand
  1799 | Sewer    | Reached XP level 6. HP: 47/47 MP: 8/8
  2381 | D:2      | Found Cinemuc's Armour Shop.
  2766 | D:1      | Bought a potion of curing for 39 gold pieces
  2863 | D:3      | Found a broken altar of Ashenzari.
  2871 | D:3      | Found an iron altar of Okawaru.
  2938 | D:4      | Found Gugejomu's General Store.
  2965 | D:4      | Reached skill level 5 in Dodging
  3022 | D:4      | Noticed a black bear
  3031 | D:4      | Killed a black bear
  3133 | D:4      | Reached XP level 7. HP: 48/52 MP: 10/10
  3260 | D:4      | Bought a potion of curing for 42 gold pieces
  3645 | D:3      | Found a shimmering altar of Xom.
  3804 | D:5      | Entered Level 5 of the Dungeon
  3816 | D:5      | HP: 1/52 [ice beast (14)]
  4236 | D:5      | Reached XP level 8. HP: 56/60 MP: 12/12
  4776 | D:6      | Found a sparkling altar of Nemelex Xobeh.
  5563 | D:7      | Found a hide-covered altar of Uskayaw.
  5563 | D:7      | Found a shadowy altar of Dithmenos.
  5592 | D:7      | Found a glowing silver altar of Zin.
  5594 | D:7      | Found a basalt altar of Yredelemnul.
  5596 | D:7      | Found a snail-covered altar of Cheibriados.
  5621 | D:7      | Found Odizayhi's Book Boutique.
  5643 | D:7      | Reached XP level 9. HP: 52/66 MP: 14/14
  5647 | D:7      | Noticed a manticore
  5655 | D:7      | Slain by a manticore

Illustrated notes

Levels and vault maps discovered:
D:1:      shiori_arrival_maze, layout_basic, basic_ecumenical_altar,
          serial_shops, nicolae_shop_getting_attention
D:2:      layout_basic, serial_shops, shop
D:3:      layout_basic, lemuel_round_altar, grunt_temple_overflow_open,
          gup_sewer_entry_spiral, serial_bayou_ford_a
D:4:      layout_cave_pools, serial_shops, nicolae_inconvenience_store
D:5:      layout_gridville
D:6:      layout_rooms, nicolae_overflow_crystal_walls, minivault_26
D:7:      kennysheep_housing_project, layout_loops_ring,
          chequers_temple_overflow_minitemple,
          minmay_temple_entry_statues_pillars, serial_shops,
          nicolae_shop_peninsula, nicolae_stop_n_shop_1, kb_rosetta

Skill      XL: |  1  2  3  4  5  6  7  8 |
---------------+-------------------------+-----
Invocations    | 1 2 3 4 |  4.2
Short Blades   | 1 2 3 |  3.8
Long Blades    | 1 2 3 |  3.8
Axes           | 1 2 3 |  3.8
Maces & Flails | 1 2 3 |  3.8
Polearms       | 1 2 3 |  3.8
Staves         | 1 2 3 |  3.8
Ranged Weapons | 1 2 3 |  3.8
Throwing       | 1 2 3 |  3.8
Armour         | 1 2 3 |  3.8
Stealth        | 1 2 3 |  3.8
Shields        | 1 2 3 |  3.8
Spellcasting   | 1 2 3 |  3.8
Evocations     | 1 2 3 |  3.8
Conjurations   | 1 2 3 |  3.1
Hexes          | 1 2 3 |  3.1
Summonings     | 1 2 3 |  3.1
Necromancy     | 1 2 3 |  3.1
Translocations | 1 2 3 |  3.1
Transmutations | 1 2 3 |  3.1
Fire Magic     | 1 2 3 |  3.1
Ice Magic      | 1 2 3 |  3.1
Air Magic      | 1 2 3 |  3.1
Earth Magic    | 1 2 3 |  3.1
Poison Magic   | 1 2 3 |  3.1
Fighting       | 3 4 |  4.7
Dodging        | 5 6 |  6.0
Unarmed Combat | 7 |  7.6
Shapeshifting  | 7 |  7.4

Action                     |  1- 3 |  4- 6 |  7- 9 || total
---------------------------+-------+-------+-------++-------
  Melee: Unarmed           |    13 |       |       ||    13
         Punch             |     2 |     3 |     6 ||    11
         Short sword       |    39 |   181 |   186 ||   406
         Bite              |     3 |    18 |    27 ||    48
  Throw: Dart              |       |     2 |     3 ||     5
Ability: Evoke Blink       |       |       |     2 ||     2
  Evoke: Wand              |       |       |     2 ||     2
    Use: Scroll            |     3 |     1 |     9 ||    13
         Potion            |       |     3 |     2 ||     5
   Stab: Sleeping          |     5 |     8 |    10 ||    23
         Paralysed         |       |       |     2 ||     2
 Armour: Leather armour    |    21 |    67 |   144 ||   232
         Animal skin       |     1 |       |       ||     1
  Dodge: Dodged            |    27 |    82 |   175 ||   284

Table legend: (Time is in decaauts)
 A = Elapsed time spent in this place.
 B = Non-inter-level travel time spent in this place.
 C = Inter-level travel time spent in this place.
 D = Time resting spent in this place.
 E = Time spent auto-exploring this place.
 F = Levels seen in this place.
 G = Mean time per level.
                   A        B        C        D        E       F      G
               +--------+--------+--------+--------+--------+-----+--------+
         Total |   5887 |   5737 |    150 |    121 |   2643 |   8 |  735.9 |
       Dungeon |   4892 |   4742 |    150 |    121 |   2235 |   7 |  698.9 |
         Sewer |    995 |    995 |      0 |      0 |    408 |   1 |  995.0 |
               +--------+--------+--------+--------+--------+-----+--------+

Top non-repeatable levels by time:
     D:2: 1072 daAuts
     D:5: 1071 daAuts
   Sewer: 995 daAuts
     D:4: 942 daAuts
     D:3: 868 daAuts
     D:1: 605 daAuts
     D:7: 195 daAuts
     D:6: 136 daAuts
